 Dungeon Crawl Stone Soup version 0.19.0-20-gbc5f0c6 (webtiles) character file.

65 GordonOverkill the Skirmisher (level 3, -1/30 HPs)
             Began as a Minotaur Wizard on Nov 16, 2016.
             Slain by a kobold (2 damage)
             ... on level 2 of the Dungeon.
             The game lasted 00:02:50 (1967 turns).

GordonOverkill the Skirmisher (Minotaur Wizard)     Turns: 1967, Time: 00:02:50

Health: -1/30      AC:  3    Str: 12    XL:     3   Next: 92%
Magic:  5/5        EV:  9    Int: 15    God:
Gold:   46         SH:  7    Dex:  8    Spells: 0 memorised, 6 levels left

rFire  . . .     SeeInvis .     e - +0 whip (curse)
rCold  . . .     Gourm    .     i - +0 leather armour
rNeg   . . .     Faith    .     h - +0 shield
rPois  .         Spirit   .     b - +0 hat
rElec  .         Reflect  .     (no cloak)
rCorr  .         Harm     .     (no gloves)
MR     .....                    (no boots)
Stlth  +.........               (no amulet)
                                (no ring)
                                (no ring)

@: lethally poisoned (-1 -> -3)
A: retaliatory headbutt, horns 2
a: no special abilities


You were on level 2 of the Dungeon.
You were hungry.

You visited 1 branch of the dungeon, and saw 2 of its levels.

You collected 46 gold pieces.

Inventory:

Hand Weapons
 e - a cursed +0 whip (weapon)
 l - a +0 hand axe
Armour
 b - a +0 hat (worn)
 h - a +0 shield (worn)
 i - a +0 leather armour (worn)
Scrolls
 f - 2 scrolls of identify
Potions
 a - a potion of lignification
Books
 c - a book of Minor Magic

   Spells                             Type                      Level
   a - Magic Dart                     Conjuration                  1
   b - Blink                          Translocation                2
   c - Call Imp                       Summoning                    2
   d - Repel Missiles                 Charms/Air                   2
   e - Slow                           Hexes                        2
   f - Conjure Flame                  Conjuration/Fire             3
   g - Mephitic Cloud                 Conjuration/Poison/Air       3
Comestibles
 d - 2 bread rations
 g - 3 chunks of flesh
 k - 2 meat rations


   Skills:
 + Level 2.6 Fighting
 + Level 1.0 Maces & Flails
 - Level 2.0 Armour
 - Level 2.1 Dodging
 - Level 1.5 Stealth
 + Level 1.7 Shields
 - Level 2.1 Spellcasting
   Level 0.6 Conjurations
   Level 0.6 Summonings
   Level 0.6 Translocations


You had 6 spell levels left.
You didn't know any spells.

Dungeon Overview and Level Annotations

Branches:
Dungeon (2/15)

Altars:


Innate Abilities, Weirdness & Mutations

You reflexively headbutt those who attack you in melee.
You have a pair of horns on your head.


Message History

* * * LOW HITPOINT WARNING * * *
You feel sick. The kobold hits you but does no damage.
You block the kobold's attack.
Unknown command.
You hit the kobold but do no damage. The kobold hits you but does no damage.
You barely miss the kobold. The kobold hits you but does no damage.
You hit the kobold.
The kobold is moderately wounded.
* * * LOW HITPOINT WARNING * * *
You feel sick. The kobold hits you but does no damage.
You closely miss the kobold.
The kobold is moderately wounded.
You feel less woody.
Your +0 hat unmelds from your body.
Your +0 leather armour unmelds from your body.
The kobold barely misses you.
You hit the kobold.
The kobold is heavily wounded.
You block the kobold's attack. The kobold hits you.
You die...

..####........#
........[.......#####
....####.....>......#
....###.........#...#
........#..#####..###
..........## ##.#####
....##....# #......# . .
##.#.#####......#
#..#.K@.#.......#
#..#####.....#.###
.......#.# .........#.#
.......#. ...........#
........ ..>........# . ...
..## ........รท.^###
..####.#...# #########....#
.......(##.############.#.#
........r.................#


You could see a kobold.

Vanquished Creatures
  3 adders
  A dart slug (D:1)
  2 leopard geckos
  A ball python (D:2)
  A giant cockroach (D:1)
  A goblin (D:2)
  5 hobgoblins
  2 jackals (D:1)
  8 kobolds
  6 bats
  A frilled lizard (D:1)
  2 rats
33 creatures vanquished.

Notes
Turn   | Place    | Note
-------+----------+-------------------------------------------
     0 | D:1      | GordonOverkill the Minotaur Wizard began the quest for the Orb.
     0 | D:1      | Reached XP level 1. HP: 14/14 MP: 2/2
   402 | D:1      | Reached skill level 1 in Fighting
   402 | D:1      | Reached skill level 1 in Armour
   670 | D:1      | Reached XP level 2. HP: 15/23 MP: 4/4
  1560 | D:2      | Reached skill level 1 in Shields
  1586 | D:2      | Reached XP level 3. HP: 29/29 MP: 5/5
  1950 | D:2      | Reached skill level 1 in Maces & Flails
  1956 | D:2      | HP: 2/45 [poisoned by an adder]
  1962 | D:2      | HP: 1/45 [poisoned by an adder]
  1967 | D:2      | Slain by a kobold

Skill      XL: |  1  2  3 |
---------------+----------+-----
Fighting       | 1 2 |  2.6
Armour         | 1 2 |  2.0
Shields        | 1 |  1.7
Maces & Flails | 1 |  1.0
Dodging        | |  2.1
Stealth        | |  1.5
Spellcasting   | |  2.1
Conjurations   | |  0.6
Summonings     | |  0.6
Translocations | |  0.6

Action                   || total
-------------------------++-------
Melee: Unarmed           ||    24
       Whip              ||   114
       Headbutt          ||    10
 Cast: Magic Dart        ||     3
  Use: Scroll            ||     3
       Potion            ||     1
 Stab: Distracted        ||     1
       Sleeping          ||     1
  Eat: Chunk             ||     3
Armor: Robe              ||    22
       Leather armour    ||    22
       Skin              ||    25
Dodge: Dodged            ||    85
Block: Shield            ||    45
